Canucks vs Rangers
Created - December 11, 2024 at 22:06
Goals
|
| Canucks |
0 |
1 |
1 |
2 |
| Rangers |
0 |
1 |
3 |
4 |
|
Shots
|
| Canucks |
7 |
10 |
12 |
29 |
| Rangers |
8 |
14 |
12 |
34 |
|
1st period
No Goal
Penalties :
Alex Goligoski (Van) for Cross-checking (Minor) at 8:45, Samuel Blais (NyR) for Hooking (Minor) at 15:46
2nd period
1. Rangers , Tomas Hertl 14 (Ondrej Palat 11, Steven Santini 1) at 5:20
2. Canucks , Chris Tierney 9 (Ben Harpur 5) at 7:32
Penalties :
Michael Kesselring (Van) for Diving (Minor) at 11:28
3rd period
3. Rangers , Oliver Bjorkstrand 1 (Steven Santini 2) at 8:03
4. Canucks , J.T. Miller 15 (Yanni Gourde 15, Jordan Eberle 10) at 9:23 (PP)
5. Rangers , Milan Lucic 12 (Tomas Hertl 10, Cale Makar 22) at 14:23 (PP)
6. Rangers , Samuel Blais 2 (Devante Smith-Pelly 6, Mikhail Sergachev 8) at 16:43
Penalties :
Milan Lucic (NyR) for High sticking (Minor) at 5:56, Samuel Blais (NyR) for Slashing (Double Minor) at 9:10, Jordan Eberle (Van) for Cross-checking (Minor) at 13:32
Goalie Stats
Petr Mrazek (Van), 30 saves from 34 shots - (0.882), L, 5-6-2, 60:00 minutes
Samuel Montembeault (NyR), 27 saves from 29 shots - (0.931), W, 6-6-3, 60:00 minutes
Players Stats for Canucks
Player Name G A P +/- PIM S H SB GA TA FO MP PP MP PK MP
------------------------------------------------------------------------------------
Alex Goligoski 0 0 0 -1 2 2 1 1 0 0 0/0 20:23 2:26 0:43
Ben Harpur 0 1 1 1 0 0 0 1 1 0 0/0 12:22 0:00 0:25
Brock Boeser 0 0 0 0 0 0 2 0 0 0 0/0 17:27 2:35 0:00
Chris Tierney 1 0 1 0 0 1 1 0 0 0 5/13 18:50 2:35 1:23
Daniel Zaar 0 0 0 0 0 2 0 1 0 0 0/0 7:49 0:00 0:00
Denis Gurianov 0 0 0 0 0 0 0 1 0 0 0/0 8:44 0:00 0:51
Gilbert Brule 0 0 0 0 0 1 0 0 0 0 2/4 7:56 0:00 0:00
J.T. Miller 1 0 1 0 0 4 2 0 0 0 3/4 21:39 3:35 2:53
Jason Spezza 0 0 0 -2 0 2 3 0 0 1 0/0 12:40 0:00 1:31
Jordan Eberle 0 1 1 0 2 4 1 1 0 0 0/1 20:43 3:35 1:58
Mark Jankowski 0 0 0 -2 0 3 0 1 0 0 0/1 10:58 0:00 0:00
Matt Martin 0 0 0 0 0 1 3 0 0 0 0/1 17:27 2:35 0:00
Michael Kesselring 0 0 0 1 2 0 1 1 0 0 0/0 13:00 0:00 1:04
Robert Nilsson 0 0 0 -2 0 0 1 0 0 1 4/9 11:05 0:00 0:00
Tony DeAngelo 0 0 0 -1 0 1 1 0 0 0 0/0 20:43 2:26 1:22
Travis Hamonic 0 0 0 -2 0 3 1 1 1 0 0/0 26:57 3:44 3:02
Tyler Cuma 0 0 0 -2 0 1 2 2 1 0 0/0 26:55 3:44 3:02
Yanni Gourde 0 1 1 0 0 4 3 0 0 1 12/27 19:30 3:35 1:02
Players Stats for Rangers
Player Name G A P +/- PIM S H SB GA TA FO MP PP MP PK MP
------------------------------------------------------------------------------------
Cale Makar 0 1 1 1 0 3 1 0 0 0 0/0 22:46 3:12 0:00
Casey Mittelstadt 0 0 0 0 0 0 2 0 0 0 9/14 17:19 0:04 1:52
Connor Chatam 0 0 0 0 0 2 1 0 0 0 0/0 7:49 0:04 0:00
David Pope 0 0 0 0 0 3 2 0 0 0 0/0 9:05 0:04 1:09
Devante Smith-Pelly 0 1 1 0 0 3 2 0 0 0 0/0 16:47 1:52 0:00
Dmitry Kulikov 0 0 0 0 0 1 0 0 0 1 0/0 19:03 0:41 1:49
Henrik Samuelsson 0 0 0 0 0 2 0 0 0 0 3/8 11:18 0:00 3:50
Jake McCabe 0 0 0 1 0 0 1 2 1 0 0/0 25:55 1:37 4:21
Mikhail Sergachev 0 1 1 0 0 0 1 3 0 0 0/0 23:28 3:12 4:21
Milan Lucic 1 0 1 1 2 4 1 0 1 0 2/2 18:34 2:53 2:36
Oliver Bjorkstrand 1 0 1 1 0 4 2 0 0 0 0/1 12:57 0:00 0:00
Ondrej Palat 0 1 1 1 0 2 2 0 0 0 1/2 15:07 1:52 0:16
Ryan Strome 0 0 0 1 0 2 3 0 0 2 0/0 17:27 2:53 1:21
Samuel Blais 1 0 1 0 6 4 2 0 1 0 0/0 15:11 0:00 0:00
Sean Couturier 0 0 0 1 0 1 2 0 0 0 9/14 16:16 1:52 1:16
Steven Santini 0 2 2 1 0 1 1 2 0 0 0/0 14:46 0:00 1:49
Tomas Hertl 1 1 2 1 0 2 0 1 0 0 10/19 15:57 2:53 0:00
Vince Dunn 0 0 0 1 0 0 0 1 0 0 0/0 14:02 0:56 0:00
3 Stars
1 - Tomas Hertl (NyR)
2 - Oliver Bjorkstrand (NyR)
3 - Steven Santini (NyR)
Power Play
Canucks - 1 on 4 Attempt(s) - 25.00%
Rangers - 1 on 3 Attempt(s) - 33.33%
Penalty Kill
Canucks - 2 on 3 Attempt(s) - 66.67%
- Score 0 goal in Penalty Kill
Rangers - 3 on 4 Attempt(s) - 75.00%
- Score 0 goal in Penalty Kill
Team Stat
Canucks - Hits : 22 - Faceoff Wins : 26 - Blocked Shots : 10 - Penalty Minutes : 6
Rangers - Hits : 23 - Faceoff Wins : 34 - Blocked Shots : 9 - Penalty Minutes : 8
Official
Referees : Graham Skilliter and Francois St. Laurent
Linesman : Jesse Marquis and Brad Kovachik
Game Notes
No Game Note
Finance
Level 1 -- Attendance: 6000 (100.00%) -- Ticket Income $600,000
Level 2 -- Attendance: 4666 (93.32%) -- Ticket Income $326,620
Level 3 -- Attendance: 1794 (89.70%) -- Ticket Income $71,760
Level 4 -- Attendance: 3946 (98.65%) -- Ticket Income $118,380
Luxury Box -- Attendance: 1000 (100.00%) -- Ticket Income $200,000
Game was played at the Madison Square Garden.
Total Attendance: 17406 (96.70%)
Total Ticket Income: $1,316,760
Other Income: $197,514
Total Income: $1,514,274
Canucks
5 vs 5 Forward
Center Left Wing Right Wing Time % Phy DF OF
1 Yanni Gourde J.T. Miller Jordan Eberle 40 1 2 2
2 Chris Tierney Matt Martin Brock Boeser 30 1 2 2
3 Robert Nilsson Mark Jankowski Jason Spezza 20 1 2 2
4 Gilbert Brule Denis Gurianov Daniel Zaar 10 1 2 2
5 vs 5 Defense
Defense Defense Time % Phy DF OF
1 Travis Hamonic Tyler Cuma 40 1 2 2
2 Alex Goligoski Tony DeAngelo 30 1 2 2
3 Ben Harpur Michael Kesselring 20 1 2 2
4 Travis Hamonic Tyler Cuma 10 1 2 2
PowerPlay Forward
Center Left Wing Right Wing Time % Phy DF OF
1 Yanni Gourde J.T. Miller Jordan Eberle 60 1 2 2
2 Chris Tierney Matt Martin Brock Boeser 40 1 2 2
PowerPlay Defense
Defense Defense Time % Phy DF OF
1 Travis Hamonic Tyler Cuma 60 1 2 2
2 Alex Goligoski Tony DeAngelo 40 1 2 2
Penalty Kill 4 Players Forward
Center Wing Time % Phy DF OF
1 J.T. Miller Jordan Eberle 60 1 2 2
2 Yanni Gourde Chris Tierney 40 1 2 2
Penalty Kill 4 Players Defense
Defense Defense Time % Phy DF OF
1 Travis Hamonic Tyler Cuma 60 1 2 2
2 Alex Goligoski Tony DeAngelo 40 1 2 2
Penalty Kill - 3 Players Forward
Forward Time % Phy DF OF
1 J.T. Miller 60 1 2 2
2 Jordan Eberle 40 1 2 2
Penalty Kill - 3 Players Defense
Defense Defense Time % Phy DF OF
1 Travis Hamonic Tyler Cuma 60 1 2 2
2 Alex Goligoski Tony DeAngelo 40 1 2 2
4 vs 4 Forward
Center Wing Time % Phy DF OF
1 J.T. Miller Jordan Eberle 60 1 2 2
2 Yanni Gourde Chris Tierney 40 1 2 2
4 vs 4 Defense
Defense Defense Time % Phy DF OF
1 Travis Hamonic Tyler Cuma 60 1 2 2
2 Alex Goligoski Tony DeAngelo 40 1 2 2
Last Minutes Offensive
Center Left Wing Right Wing Defense Defense
Yanni Gourde J.T. Miller Jordan Eberle Travis Hamonic Tyler Cuma
Last Minutes Defensive
Center Left Wing Right Wing Defense Defense
Yanni Gourde J.T. Miller Jordan Eberle Travis Hamonic Tyler Cuma
Goaltenders
Starting : Petr Mrazek
Backup : Matt Hackett
Extra Forwards
Normal : Robert Nilsson, Gilbert Brule, Jason Spezza - PP : Robert Nilsson, Gilbert Brule - PK : Jason Spezza
Extra Defensemen
Normal : Ben Harpur, Michael Kesselring, Alex Goligoski - PP : Ben Harpur - PK : Michael Kesselring, Alex Goligoski
Penalty Shots
J.T. Miller, Jordan Eberle, Yanni Gourde, Chris Tierney, Matt Martin
Custom OT Lines Forwards
J.T. Miller, Jordan Eberle, Yanni Gourde, Chris Tierney, Matt Martin, Robert Nilsson, Brock Boeser, Gilbert Brule, Jason Spezza, Mark Jankowski
Custom OT Lines Defensemen
Travis Hamonic, Tyler Cuma, Alex Goligoski, Tony DeAngelo, Ben Harpur
Scratches
Oliver Ekman-Larsson (Sprained Left Ankle Injury), Tyler Kennedy (Healthy)
Rangers
5 vs 5 Forward
Center Left Wing Right Wing Time % Phy DF OF
1 Tomas Hertl Milan Lucic Ryan Strome 30 1 2 2
2 Sean Couturier Ondrej Palat Oliver Bjorkstrand 30 1 2 2
3 Casey Mittelstadt Samuel Blais Devante Smith-Pelly 30 1 2 2
4 Henrik Samuelsson David Pope Connor Chatam 10 1 2 2
5 vs 5 Defense
Defense Defense Time % Phy DF OF
1 Cale Makar Jake McCabe 45 1 2 2
2 Dmitry Kulikov Mikhail Sergachev 30 1 2 2
3 Steven Santini Vince Dunn 24 1 2 2
4 Cale Makar Jake McCabe 1 1 2 2
PowerPlay Forward
Center Left Wing Right Wing Time % Phy DF OF
1 Tomas Hertl Milan Lucic Ryan Strome 60 1 1 3
2 Sean Couturier Ondrej Palat Devante Smith-Pelly 40 1 1 3
PowerPlay Defense
Defense Defense Time % Phy DF OF
1 Cale Makar Mikhail Sergachev 60 1 2 2
2 Jake McCabe Vince Dunn 40 1 2 2
Penalty Kill 4 Players Forward
Center Wing Time % Phy DF OF
1 Henrik Samuelsson Milan Lucic 60 1 2 2
2 Sean Couturier Casey Mittelstadt 40 1 2 2
Penalty Kill 4 Players Defense
Defense Defense Time % Phy DF OF
1 Jake McCabe Mikhail Sergachev 60 1 2 2
2 Dmitry Kulikov Steven Santini 40 1 2 2
Penalty Kill - 3 Players Forward
Forward Time % Phy DF OF
1 Sean Couturier 60 1 2 2
2 Casey Mittelstadt 40 1 2 2
Penalty Kill - 3 Players Defense
Defense Defense Time % Phy DF OF
1 Jake McCabe Mikhail Sergachev 60 1 2 2
2 Dmitry Kulikov Steven Santini 40 1 2 2
4 vs 4 Forward
Center Wing Time % Phy DF OF
1 Sean Couturier Milan Lucic 60 1 2 2
2 Tomas Hertl Ondrej Palat 40 1 2 2
4 vs 4 Defense
Defense Defense Time % Phy DF OF
1 Cale Makar Jake McCabe 60 1 2 2
2 Mikhail Sergachev Vince Dunn 40 1 2 2
Last Minutes Offensive
Center Left Wing Right Wing Defense Defense
Tomas Hertl Milan Lucic Ryan Strome Jake McCabe Cale Makar
Last Minutes Defensive
Center Left Wing Right Wing Defense Defense
Sean Couturier Milan Lucic Casey Mittelstadt Jake McCabe Dmitry Kulikov
Goaltenders
Starting : Samuel Montembeault
Backup : Eric Comrie
Extra Forwards
Normal : Ryan Strome, Ondrej Palat, Henrik Samuelsson - PP : Ryan Strome, Ondrej Palat - PK : Ryan Strome
Extra Defensemen
Normal : Vince Dunn, Mikhail Sergachev, Cale Makar - PP : Mikhail Sergachev - PK : Jake McCabe, Mikhail Sergachev
Penalty Shots
Milan Lucic, Sean Couturier, Tomas Hertl, Devante Smith-Pelly, Ryan Strome
Custom OT Lines Forwards
Milan Lucic, Sean Couturier, Tomas Hertl, Devante Smith-Pelly, Ryan Strome, Ondrej Palat, Henrik Samuelsson, Oliver Bjorkstrand, David Pope, Samuel Blais
Custom OT Lines Defensemen
Jake McCabe, Cale Makar, Dmitry Kulikov, Vince Dunn, Mikhail Sergachev
Scratches
Patrik Nemeth (Healthy), Seth Griffith (Healthy), Stefan Noesen (Healthy)
% Time on Ice - Canucks
Lines # - Real PCT - Wanted PCT - Time Play
Normal Forward
1 - 31% - 40% - 15:15
2 - 31% - 30% - 14:59
3 - 22% - 20% - 10:58
4 - 16% - 10% - 7:49
Normal Defense
1 - 38% - 40% - 18:44
2 - 35% - 30% - 17:13
3 - 24% - 20% - 11:39
4 - 3% - 10% - 1:25
PP Forward
1 - 58% - 60% - 3:35
2 - 42% - 40% - 2:35
PP Defense
1 - 61% - 60% - 3:44
2 - 39% - 40% - 2:26
PK Forward
1 - 79% - 60% - 3:47
2 - 21% - 40% - 1:02
PK Defense
1 - 63% - 60% - 3:02
2 - 37% - 40% - 1:47
PK3 Forward
1 - 0% - 60%
2 - 0% - 40%
PK3 Defense
1 - 0% - 60%
2 - 0% - 40%
44 Forward
1 - 0% - 60%
2 - 0% - 40%
44 Defense
1 - 0% - 60%
2 - 0% - 40%
Last Minute Offensive - 0:00
Last Minute Defensive - 0:00
Total
Forward - 60:00
Defense - 60:00
|
% Time on Ice - Rangers
Lines # - Real PCT - Wanted PCT - Time Play
Normal Forward
1 - 28% - 30% - 13:30
2 - 27% - 30% - 13:08
3 - 30% - 30% - 14:55
4 - 15% - 10% - 7:28
Normal Defense
1 - 42% - 45% - 20:25
2 - 33% - 30% - 15:59
3 - 26% - 24% - 12:37
4 - 0% - 1% - 0:00
PP Forward
1 - 61% - 60% - 2:57
2 - 39% - 40% - 1:52
PP Defense
1 - 66% - 60% - 3:12
2 - 34% - 40% - 1:37
PK Forward
1 - 79% - 60% - 4:54
2 - 21% - 40% - 1:16
PK Defense
1 - 71% - 60% - 4:21
2 - 29% - 40% - 1:49
PK3 Forward
1 - 0% - 60%
2 - 0% - 40%
PK3 Defense
1 - 0% - 60%
2 - 0% - 40%
44 Forward
1 - 0% - 60%
2 - 0% - 40%
44 Defense
1 - 0% - 60%
2 - 0% - 40%
Last Minute Offensive - 0:00
Last Minute Defensive - 0:00
Total
Forward - 60:00
Defense - 60:00
|
Play-by-Play
1st period
0:01 of 1st period - Yanni Gourde wins face-off versus Tomas Hertl in neutral zone.
0:14 of 1st period - Snap shot by Yanni Gourde.
0:14 of 1st period - Stopped by Samuel Montembeault without a rebound.
0:15 of 1st period - Chris Tierney wins face-off versus Sean Couturier in Rangers zone.
1:12 of 1st period - Wrist shot by J.T. Miller.
1:12 of 1st period - Shot Misses the Net.
2:08 of 1st period - Cale Makar is hit by Jason Spezza and loses puck.
2:49 of 1st period - Slapshot by J.T. Miller.
2:49 of 1st period - Stopped by Samuel Montembeault with a rebound.
2:51 of 1st period - Slapshot by Travis Hamonic.
2:51 of 1st period - Stopped by Samuel Montembeault without a rebound.
2:52 of 1st period - Gilbert Brule wins face-off versus Tomas Hertl in Rangers zone.
3:23 of 1st period - Snap shot by Denis Gurianov.
3:23 of 1st period - Deflect By Daniel Zaar.
3:23 of 1st period - Stopped by Samuel Montembeault without a rebound.
3:24 of 1st period - Casey Mittelstadt wins face-off versus Chris Tierney in Rangers zone.
3:49 of 1st period - Alex Goligoski is hit by David Pope.
4:22 of 1st period - Snap shot by Oliver Bjorkstrand.
4:22 of 1st period - Shot Blocked by Mark Jankowski.
4:24 of 1st period - Wrist shot by Sean Couturier.
4:24 of 1st period - Deflect By Oliver Bjorkstrand.
4:24 of 1st period - Stopped by Petr Mrazek without a rebound.
4:25 of 1st period - Yanni Gourde wins face-off versus Casey Mittelstadt in Canucks zone.
4:38 of 1st period - Snap shot by J.T. Miller.
4:38 of 1st period - Stopped by Samuel Montembeault with a rebound.
4:54 of 1st period - Snap shot by Sean Couturier.
4:54 of 1st period - Shot Blocked by Jordan Eberle.
4:56 of 1st period - Wrist shot by Ondrej Palat.
4:56 of 1st period - Shot Misses the Net.
4:58 of 1st period - Slapshot by Sean Couturier.
4:58 of 1st period - Shot Misses the Net.
5:00 of 1st period - Wrist shot by Oliver Bjorkstrand.
5:00 of 1st period - Stopped by Petr Mrazek without a rebound.
5:01 of 1st period - Sean Couturier wins face-off versus Chris Tierney in Canucks zone.
5:32 of 1st period - Off-side.
5:33 of 1st period - Tomas Hertl wins face-off versus Yanni Gourde in neutral zone.
5:36 of 1st period - Jordan Eberle is hit by Ryan Strome and loses puck.
5:41 of 1st period - Slapshot by Ryan Strome.
5:41 of 1st period - Stopped by Petr Mrazek without a rebound.
5:42 of 1st period - Yanni Gourde wins face-off versus Casey Mittelstadt in Canucks zone.
6:07 of 1st period - Alex Goligoski is hit by Jake McCabe and loses puck.
6:12 of 1st period - Snap shot by Oliver Bjorkstrand.
6:12 of 1st period - Stopped by Petr Mrazek without a rebound.
6:13 of 1st period - Chris Tierney wins face-off versus Ondrej Palat in Canucks zone.
6:50 of 1st period - Mark Jankowski is hit by Ryan Strome and loses puck.
7:27 of 1st period - Snap shot by David Pope.
7:27 of 1st period - Stopped by Petr Mrazek with a rebound.
7:45 of 1st period - Snap shot by Ondrej Palat.
7:45 of 1st period - Stopped by Petr Mrazek with a rebound.
8:05 of 1st period - Snap shot by Sean Couturier.
8:05 of 1st period - Stopped by Petr Mrazek with a rebound.
8:45 of 1st period - Minor Penalty to Alex Goligoski for Cross-checking.
8:46 of 1st period - Tomas Hertl wins face-off versus J.T. Miller in Canucks zone.
10:45 of 1st period - Penalty to Alex Goligoski is over, Alex Goligoski is back on ice.
11:16 of 1st period - Devante Smith-Pelly is hit by Jason Spezza and loses puck.
11:36 of 1st period - Steven Santini is hit by Tony DeAngelo and loses puck.
11:49 of 1st period - Wrist shot by Ondrej Palat.
11:49 of 1st period - Stopped by Petr Mrazek with a rebound.
12:43 of 1st period - Wrist shot by Mark Jankowski.
12:43 of 1st period - Stopped by Samuel Montembeault with a rebound.
12:51 of 1st period - Slapshot by Mark Jankowski.
12:51 of 1st period - Shot Blocked by Steven Santini.
13:07 of 1st period - Vince Dunn is hit by Brock Boeser and loses puck.
13:18 of 1st period - Jordan Eberle is hit by Ondrej Palat and loses puck.
13:44 of 1st period - Wrist shot by Daniel Zaar.
13:44 of 1st period - Shot Misses the Net.
13:56 of 1st period - Matt Martin is hit by Cale Makar and loses puck.
14:11 of 1st period - Mikhail Sergachev is hit by Robert Nilsson and loses puck.
14:46 of 1st period - Tony DeAngelo is hit by Connor Chatam and loses puck.
14:55 of 1st period - Jake McCabe is hit by Yanni Gourde and loses puck.
15:08 of 1st period - Snap shot by J.T. Miller.
15:08 of 1st period - Deflect By Jordan Eberle.
15:08 of 1st period - Shot Misses the Net.
15:08 of 1st period - Puck is out of play.
15:09 of 1st period - Chris Tierney wins face-off versus Tomas Hertl in Rangers zone.
15:41 of 1st period - Wrist shot by Devante Smith-Pelly.
15:41 of 1st period - Shot Blocked by Tyler Cuma.
15:46 of 1st period - Minor Penalty to Samuel Blais for Hooking.
15:47 of 1st period - Henrik Samuelsson wins face-off versus Yanni Gourde in Rangers zone.
16:13 of 1st period - Mikhail Sergachev is hit by Matt Martin and loses puck.
16:20 of 1st period - Snap shot by Matt Martin.
16:20 of 1st period - Shot Misses the Net.
17:04 of 1st period - J.T. Miller is hit by Casey Mittelstadt and loses puck.
17:46 of 1st period - Penalty to Samuel Blais is over, Samuel Blais is back on ice.
18:10 of 1st period - Tony DeAngelo is hit by Casey Mittelstadt and loses puck.
18:23 of 1st period - Slapshot by Alex Goligoski.
18:23 of 1st period - Stopped by Samuel Montembeault without a rebound.
18:24 of 1st period - Tomas Hertl wins face-off versus Gilbert Brule in Rangers zone.
18:31 of 1st period - Travis Hamonic is hit by Ryan Strome and loses puck.
19:45 of 1st period - Wrist shot by Mark Jankowski.
19:45 of 1st period - Shot Misses the Net.
Goals for this period are 0 for Canucks vs 0 for Rangers.
Shots for this period are 7 for Canucks vs 8 for Rangers.
2nd period
0:01 of 2nd period - Yanni Gourde wins face-off versus Casey Mittelstadt in neutral zone.
0:04 of 2nd period - Slapshot by Tyler Cuma.
0:04 of 2nd period - Shot Misses the Net.
0:06 of 2nd period - Snap shot by Yanni Gourde.
0:06 of 2nd period - Shot Misses the Net.
0:08 of 2nd period - Wrist shot by Jordan Eberle.
0:08 of 2nd period - Shot Misses the Net.
0:10 of 2nd period - Slapshot by Tyler Cuma.
0:10 of 2nd period - Stopped by Samuel Montembeault with a rebound.
0:26 of 2nd period - Tomas Hertl is hit by Travis Hamonic and loses puck.
0:35 of 2nd period - Snap shot by Mark Jankowski.
0:35 of 2nd period - Stopped by Samuel Montembeault without a rebound.
0:36 of 2nd period - Sean Couturier wins face-off versus Yanni Gourde in Rangers zone.
1:04 of 2nd period - Snap shot by Devante Smith-Pelly.
1:04 of 2nd period - Deflect By Samuel Blais.
1:04 of 2nd period - Stopped by Petr Mrazek with a rebound.
1:17 of 2nd period - Off-side.
1:18 of 2nd period - Robert Nilsson wins face-off versus Tomas Hertl in neutral zone.
1:23 of 2nd period - Snap shot by Jason Spezza.
1:23 of 2nd period - Stopped by Samuel Montembeault without a rebound.
1:24 of 2nd period - Robert Nilsson wins face-off versus Tomas Hertl in Rangers zone.
1:40 of 2nd period - Off-side.
1:41 of 2nd period - Yanni Gourde wins face-off versus Casey Mittelstadt in neutral zone.
1:50 of 2nd period - Snap shot by Jordan Eberle.
1:50 of 2nd period - Deflect By Yanni Gourde.
1:50 of 2nd period - Stopped by Samuel Montembeault with a rebound.
2:06 of 2nd period - Tyler Cuma is hit by Oliver Bjorkstrand and loses puck.
2:15 of 2nd period - Slapshot by Sean Couturier.
2:15 of 2nd period - Shot Misses the Net.
2:31 of 2nd period - Wrist shot by Jason Spezza.
2:31 of 2nd period - Stopped by Samuel Montembeault without a rebound.
2:32 of 2nd period - Casey Mittelstadt wins face-off versus Yanni Gourde in Rangers zone.
2:57 of 2nd period - Milan Lucic is hit by Matt Martin.
3:11 of 2nd period - Mikhail Sergachev is hit by Chris Tierney and loses puck.
3:22 of 2nd period - Michael Kesselring is hit by Sean Couturier.
3:30 of 2nd period - Slapshot by Sean Couturier.
3:30 of 2nd period - Shot Misses the Net.
3:53 of 2nd period - Slapshot by Cale Makar.
3:53 of 2nd period - Deflect By Jordan Eberle.
3:53 of 2nd period - Stopped by Petr Mrazek without a rebound.
3:54 of 2nd period - Tomas Hertl wins face-off versus Chris Tierney in Canucks zone.
4:32 of 2nd period - Off-side.
4:33 of 2nd period - Casey Mittelstadt wins face-off versus Chris Tierney in neutral zone.
5:20 of 2nd period - Snap shot by Tomas Hertl.
5:20 of 2nd period - Goal by Tomas Hertl - Canucks : 0 - Rangers : 1.
5:21 of 2nd period - Tomas Hertl wins face-off versus Yanni Gourde in neutral zone.
5:25 of 2nd period - Off-side.
5:26 of 2nd period - Tomas Hertl wins face-off versus Yanni Gourde in neutral zone.
5:42 of 2nd period - Cale Makar is hit by Tyler Cuma and loses puck.
7:24 of 2nd period - Ben Harpur is hit by Samuel Blais.
7:30 of 2nd period - Slapshot by Ben Harpur.
7:30 of 2nd period - Shot Blocked by Mikhail Sergachev.
7:32 of 2nd period - Wrist shot by Chris Tierney.
7:32 of 2nd period - Goal by Chris Tierney - Canucks : 1 - Rangers : 1.
7:33 of 2nd period - Sean Couturier wins face-off versus Jordan Eberle in neutral zone.
8:00 of 2nd period - Matt Martin is hit by Devante Smith-Pelly and loses puck.
8:33 of 2nd period - Wrist shot by Milan Lucic.
8:33 of 2nd period - Stopped by Petr Mrazek with a rebound.
8:54 of 2nd period - Slapshot by Dmitry Kulikov.
8:54 of 2nd period - Stopped by Petr Mrazek without a rebound.
8:55 of 2nd period - Yanni Gourde wins face-off versus Sean Couturier in Canucks zone.
9:22 of 2nd period - Brock Boeser is hit by Samuel Blais and loses puck.
9:29 of 2nd period - Backhand shot by Devante Smith-Pelly.
9:29 of 2nd period - Stopped by Petr Mrazek without a rebound.
9:30 of 2nd period - Tomas Hertl wins face-off versus Matt Martin in Canucks zone.
9:59 of 2nd period - Wrist shot by Brock Boeser.
9:59 of 2nd period - Deflect By Matt Martin.
9:59 of 2nd period - Shot Misses the Net.
9:59 of 2nd period - Puck is out of play.
10:00 of 2nd period - Casey Mittelstadt wins face-off versus Yanni Gourde in Rangers zone.
10:00 of 2nd period - Casey Mittelstadt is hit by Yanni Gourde.
11:20 of 2nd period - Snap shot by David Pope.
11:20 of 2nd period - Stopped by Petr Mrazek with a rebound.
11:28 of 2nd period - Minor Penalty to Michael Kesselring for Diving.
11:29 of 2nd period - J.T. Miller wins face-off versus Tomas Hertl in Canucks zone.
11:40 of 2nd period - Snap shot by J.T. Miller.
11:40 of 2nd period - Shot Misses the Net.
11:42 of 2nd period - Wrist shot by Jordan Eberle.
11:42 of 2nd period - Stopped by Samuel Montembeault with a rebound.
11:44 of 2nd period - Wrist shot by Jordan Eberle.
11:44 of 2nd period - Shot Misses the Net.
11:56 of 2nd period - Travis Hamonic is hit by Sean Couturier and loses puck.
12:34 of 2nd period - Tony DeAngelo is hit by Milan Lucic.
13:00 of 2nd period - Jake McCabe is hit by Jason Spezza and loses puck.
13:28 of 2nd period - Penalty to Michael Kesselring is over, Michael Kesselring is back on ice.
13:44 of 2nd period - Icing by Ben Harpur.
13:45 of 2nd period - Chris Tierney wins face-off versus Henrik Samuelsson in Canucks zone.
14:12 of 2nd period - Snap shot by Chris Tierney.
14:12 of 2nd period - Shot Misses the Net.
14:28 of 2nd period - Wrist shot by Brock Boeser.
14:28 of 2nd period - Deflect By Matt Martin.
14:28 of 2nd period - Stopped by Samuel Montembeault with a rebound.
14:30 of 2nd period - Wrist shot by Brock Boeser.
14:30 of 2nd period - Shot Misses the Net.
14:32 of 2nd period - Snap shot by Travis Hamonic.
14:32 of 2nd period - Stopped by Samuel Montembeault with a rebound.
14:34 of 2nd period - Snap shot by Chris Tierney.
14:34 of 2nd period - Shot Misses the Net.
14:36 of 2nd period - Snap shot by Matt Martin.
14:36 of 2nd period - Shot Misses the Net.
14:56 of 2nd period - Snap shot by Chris Tierney.
14:56 of 2nd period - Shot Misses the Net.
15:12 of 2nd period - Dmitry Kulikov is hit by Michael Kesselring and loses puck.
15:25 of 2nd period - Snap shot by Henrik Samuelsson.
15:25 of 2nd period - Shot Misses the Net.
15:27 of 2nd period - Slapshot by Connor Chatam.
15:27 of 2nd period - Shot Blocked by Michael Kesselring.
15:29 of 2nd period - Slapshot by David Pope.
15:29 of 2nd period - Deflect By Connor Chatam.
15:29 of 2nd period - Stopped by Petr Mrazek with a rebound.
15:31 of 2nd period - Slapshot by Dmitry Kulikov.
15:31 of 2nd period - Shot Blocked by Ben Harpur.
15:51 of 2nd period - Slapshot by Henrik Samuelsson.
15:51 of 2nd period - Stopped by Petr Mrazek with a rebound.
15:53 of 2nd period - Snap shot by Connor Chatam.
15:53 of 2nd period - Stopped by Petr Mrazek with a rebound.
16:15 of 2nd period - Backhand shot by David Pope.
16:15 of 2nd period - Stopped by Petr Mrazek without a rebound.
16:16 of 2nd period - Casey Mittelstadt wins face-off versus Yanni Gourde in Canucks zone.
16:27 of 2nd period - Samuel Blais is hit by J.T. Miller and loses puck.
17:08 of 2nd period - Snap shot by Daniel Zaar.
17:08 of 2nd period - Stopped by Samuel Montembeault without a rebound.
17:09 of 2nd period - Tomas Hertl wins face-off versus Gilbert Brule in Rangers zone.
17:25 of 2nd period - Snap shot by Milan Lucic.
17:25 of 2nd period - Shot Misses the Net.
17:27 of 2nd period - Wrist shot by Tomas Hertl.
17:27 of 2nd period - Shot Blocked by Daniel Zaar.
17:29 of 2nd period - Slapshot by Vince Dunn.
17:29 of 2nd period - Shot Misses the Net.
17:31 of 2nd period - Slapshot by Vince Dunn.
17:31 of 2nd period - Shot Blocked by Denis Gurianov.
17:49 of 2nd period - Snap shot by Milan Lucic.
17:49 of 2nd period - Stopped by Petr Mrazek without a rebound.
17:50 of 2nd period - Casey Mittelstadt wins face-off versus Yanni Gourde in Canucks zone.
17:55 of 2nd period - Wrist shot by J.T. Miller.
17:55 of 2nd period - Shot Blocked by Vince Dunn.
17:57 of 2nd period - Slapshot by Travis Hamonic.
17:57 of 2nd period - Shot Misses the Net.
18:02 of 2nd period - Icing by Casey Mittelstadt.
18:03 of 2nd period - Casey Mittelstadt wins face-off versus Yanni Gourde in Rangers zone.
18:03 of 2nd period - Casey Mittelstadt is hit by Jordan Eberle.
18:11 of 2nd period - Snap shot by Samuel Blais.
18:11 of 2nd period - Stopped by Petr Mrazek with a rebound.
18:51 of 2nd period - Backhand shot by Devante Smith-Pelly.
18:51 of 2nd period - Stopped by Petr Mrazek with a rebound.
19:19 of 2nd period - Snap shot by Denis Gurianov.
19:19 of 2nd period - Shot Blocked by Steven Santini.
19:25 of 2nd period - Snap shot by Daniel Zaar.
19:25 of 2nd period - Shot Misses the Net.
19:37 of 2nd period - Snap shot by Samuel Blais.
19:37 of 2nd period - Shot Misses the Net.
Goals for this period are 1 for Canucks vs 1 for Rangers.
Shots for this period are 10 for Canucks vs 14 for Rangers.
3rd period
0:01 of 3rd period - Sean Couturier wins face-off versus Yanni Gourde in neutral zone.
1:19 of 3rd period - Snap shot by Samuel Blais.
1:19 of 3rd period - Shot Blocked by Alex Goligoski.
2:06 of 3rd period - Wrist shot by Henrik Samuelsson.
2:06 of 3rd period - Stopped by Petr Mrazek without a rebound.
2:07 of 3rd period - Yanni Gourde wins face-off versus Sean Couturier in Canucks zone.
2:32 of 3rd period - Tyler Cuma is hit by Devante Smith-Pelly and loses puck.
2:43 of 3rd period - Devante Smith-Pelly is hit by Brock Boeser and loses puck.
3:21 of 3rd period - Snap shot by Yanni Gourde.
3:21 of 3rd period - Stopped by Samuel Montembeault with a rebound.
3:23 of 3rd period - Slapshot by Tony DeAngelo.
3:23 of 3rd period - Deflect By Mikhail Sergachev.
3:23 of 3rd period - Stopped by Samuel Montembeault with a rebound.
3:25 of 3rd period - Wrist shot by Yanni Gourde.
3:25 of 3rd period - Stopped by Samuel Montembeault with a rebound.
3:39 of 3rd period - Mark Jankowski is hit by Ondrej Palat and loses puck.
4:29 of 3rd period - Off-side.
4:30 of 3rd period - Yanni Gourde wins face-off versus Sean Couturier in neutral zone.
4:37 of 3rd period - Snap shot by Jordan Eberle.
4:37 of 3rd period - Stopped by Samuel Montembeault with a rebound.
4:56 of 3rd period - Chris Tierney is hit by David Pope.
5:05 of 3rd period - Off-side.
5:06 of 3rd period - Sean Couturier wins face-off versus Chris Tierney in neutral zone.
5:31 of 3rd period - Alex Goligoski is hit by Mikhail Sergachev and loses puck.
5:52 of 3rd period - Snap shot by Alex Goligoski.
5:52 of 3rd period - Stopped by Samuel Montembeault without a rebound.
5:53 of 3rd period - Yanni Gourde wins face-off versus Tomas Hertl in Rangers zone.
5:54 of 3rd period - Slapshot by J.T. Miller.
5:54 of 3rd period - Shot Misses the Net.
5:56 of 3rd period - Minor Penalty to Milan Lucic for High sticking.
5:57 of 3rd period - Yanni Gourde wins face-off versus Henrik Samuelsson in Rangers zone.
6:12 of 3rd period - Slapshot by Tyler Cuma.
6:12 of 3rd period - Shot Blocked by Mikhail Sergachev.
6:14 of 3rd period - Slapshot by Tyler Cuma.
6:14 of 3rd period - Deflect By J.T. Miller.
6:14 of 3rd period - Stopped by Samuel Montembeault without a rebound.
6:15 of 3rd period - Chris Tierney wins face-off versus Henrik Samuelsson in Rangers zone.
6:34 of 3rd period - Jake McCabe is hit by Matt Martin and loses puck.
6:51 of 3rd period - Slapshot by Tyler Cuma.
6:51 of 3rd period - Shot Blocked by Mikhail Sergachev.
6:53 of 3rd period - Snap shot by Jordan Eberle.
6:53 of 3rd period - Shot Misses the Net.
7:56 of 3rd period - Penalty to Milan Lucic is over, Milan Lucic is back on ice.
8:03 of 3rd period - Snap shot by Oliver Bjorkstrand.
8:03 of 3rd period - Goal by Oliver Bjorkstrand - Canucks : 1 - Rangers : 2.
8:04 of 3rd period - Sean Couturier wins face-off versus Yanni Gourde in neutral zone.
8:12 of 3rd period - Off-side.
8:13 of 3rd period - Sean Couturier wins face-off versus Yanni Gourde in neutral zone.
8:20 of 3rd period - Off-side.
8:21 of 3rd period - Yanni Gourde wins face-off versus Oliver Bjorkstrand in neutral zone.
8:24 of 3rd period - Snap shot by Jordan Eberle.
8:24 of 3rd period - Stopped by Samuel Montembeault with a rebound.
8:38 of 3rd period - Snap shot by Yanni Gourde.
8:38 of 3rd period - Shot Misses the Net.
9:10 of 3rd period - Double Minor Penalty to Samuel Blais for Slashing.
9:11 of 3rd period - Henrik Samuelsson wins face-off versus Yanni Gourde in Rangers zone.
9:23 of 3rd period - Snap shot by J.T. Miller.
9:23 of 3rd period - Goal by J.T. Miller - Canucks : 2 - Rangers : 2.
9:24 of 3rd period - Yanni Gourde wins face-off versus Henrik Samuelsson in neutral zone.
9:41 of 3rd period - Snap shot by Jordan Eberle.
9:41 of 3rd period - Stopped by Samuel Montembeault without a rebound.
9:42 of 3rd period - Milan Lucic wins face-off versus Chris Tierney in Rangers zone.
10:19 of 3rd period - Snap shot by J.T. Miller.
10:19 of 3rd period - Shot Misses the Net.
10:33 of 3rd period - Alex Goligoski is hit by Steven Santini and loses puck.
10:39 of 3rd period - Icing by Chris Tierney.
10:40 of 3rd period - Henrik Samuelsson wins face-off versus Chris Tierney in Canucks zone.
11:23 of 3rd period - Penalty to Samuel Blais is over, Samuel Blais is back on ice.
11:33 of 3rd period - Slapshot by Steven Santini.
11:33 of 3rd period - Stopped by Petr Mrazek without a rebound.
11:34 of 3rd period - Robert Nilsson wins face-off versus Sean Couturier in Canucks zone.
11:34 of 3rd period - Robert Nilsson is hit by Oliver Bjorkstrand.
11:52 of 3rd period - Cale Makar is hit by Alex Goligoski and loses puck.
12:07 of 3rd period - Samuel Blais is hit by J.T. Miller and loses puck.
12:44 of 3rd period - Snap shot by Gilbert Brule.
12:44 of 3rd period - Stopped by Samuel Montembeault without a rebound.
12:45 of 3rd period - Gilbert Brule wins face-off versus Henrik Samuelsson in Rangers zone.
13:32 of 3rd period - Minor Penalty to Jordan Eberle for Cross-checking.
13:33 of 3rd period - J.T. Miller wins face-off versus Tomas Hertl in Canucks zone.
13:41 of 3rd period - Off-side.
13:42 of 3rd period - J.T. Miller wins face-off versus Tomas Hertl in neutral zone.
14:13 of 3rd period - Snap shot by Milan Lucic.
14:13 of 3rd period - Shot Misses the Net.
14:23 of 3rd period - Slapshot by Milan Lucic.
14:23 of 3rd period - Goal by Milan Lucic - Canucks : 2 - Rangers : 3.
14:24 of 3rd period - Sean Couturier wins face-off versus Chris Tierney in neutral zone.
14:49 of 3rd period - Jake McCabe is hit by Yanni Gourde and loses puck.
15:18 of 3rd period - Wrist shot by Mark Jankowski.
15:18 of 3rd period - Stopped by Samuel Montembeault with a rebound.
15:20 of 3rd period - Wrist shot by Travis Hamonic.
15:20 of 3rd period - Stopped by Samuel Montembeault without a rebound.
15:21 of 3rd period - Ondrej Palat wins face-off versus Robert Nilsson in Rangers zone.
15:47 of 3rd period - Icing by Oliver Bjorkstrand.
15:48 of 3rd period - Sean Couturier wins face-off versus Yanni Gourde in Rangers zone.
16:01 of 3rd period - Off-side.
16:02 of 3rd period - Robert Nilsson wins face-off versus Casey Mittelstadt in neutral zone.
16:27 of 3rd period - Cale Makar is hit by Tyler Cuma and loses puck.
16:39 of 3rd period - Wrist shot by Samuel Blais.
16:39 of 3rd period - Stopped by Petr Mrazek with a rebound.
16:41 of 3rd period - Snap shot by Devante Smith-Pelly.
16:41 of 3rd period - Shot Misses the Net.
16:43 of 3rd period - Wrist shot by Samuel Blais.
16:43 of 3rd period - Goal by Samuel Blais - Canucks : 2 - Rangers : 4.
16:44 of 3rd period - Tomas Hertl wins face-off versus Mark Jankowski in neutral zone.
17:40 of 3rd period - Slapshot by Devante Smith-Pelly.
17:40 of 3rd period - Stopped by Petr Mrazek with a rebound.
17:42 of 3rd period - Slapshot by Cale Makar.
17:42 of 3rd period - Stopped by Petr Mrazek without a rebound.
17:43 of 3rd period - Tomas Hertl wins face-off versus Robert Nilsson in Canucks zone.
17:44 of 3rd period - Backhand shot by Milan Lucic.
17:44 of 3rd period - Deflect By Tomas Hertl.
17:44 of 3rd period - Stopped by Petr Mrazek with a rebound.
17:46 of 3rd period - Snap shot by Ryan Strome.
17:46 of 3rd period - Stopped by Petr Mrazek without a rebound.
17:47 of 3rd period - Milan Lucic wins face-off versus Robert Nilsson in Canucks zone.
17:58 of 3rd period - Wrist shot by Milan Lucic.
17:58 of 3rd period - Stopped by Petr Mrazek without a rebound.
17:59 of 3rd period - Casey Mittelstadt wins face-off versus Robert Nilsson in Canucks zone.
18:02 of 3rd period - Wrist shot by Devante Smith-Pelly.
18:02 of 3rd period - Deflect By Samuel Blais.
18:02 of 3rd period - Shot Blocked by Travis Hamonic.
18:02 of 3rd period - Puck is out of play.
18:03 of 3rd period - Casey Mittelstadt wins face-off versus Robert Nilsson in Canucks zone.
18:08 of 3rd period - Snap shot by Samuel Blais.
18:08 of 3rd period - Shot Blocked by Tyler Cuma.
18:10 of 3rd period - Wrist shot by Cale Makar.
18:10 of 3rd period - Stopped by Petr Mrazek with a rebound.
18:30 of 3rd period - Slapshot by Jordan Eberle.
18:30 of 3rd period - Shot Misses the Net.
18:32 of 3rd period - Slapshot by Tyler Cuma.
18:32 of 3rd period - Shot Blocked by Jake McCabe.
18:34 of 3rd period - Snap shot by Yanni Gourde.
18:34 of 3rd period - Shot Blocked by Jake McCabe.
18:36 of 3rd period - Slapshot by Travis Hamonic.
18:36 of 3rd period - Shot Blocked by Tomas Hertl.
Goals for this period are 1 for Canucks vs 3 for Rangers.
Shots for this period are 12 for Canucks vs 12 for Rangers.
Output by the SimonT Hockey Simulator (STHS) for Francois Prevost